[Event "USA Championship 2024"]
[Site "Saint Louis"]
[Date "2024.10.12"]
[Round "2.1"]
[White "Caruana, Fabiano"]
[Black "Aronian, Levon"]
[Result "1/2-1/2"]
[ECO "C11"]
[WhiteElo "2796"]
[BlackElo "2738"]
[Annotator "TA"]
[PlyCount "158"]
[EventDate "2024.10.09"]
[EventType "tourn"]
[EventCountry "USA"]
[SourceTitle "playchess.com"]
[Source "ChessBase"]
[SourceQuality "1"]
[TimeControl "40/5400+30:1800+30"]

1. e4 e6 2. d4 d5 3. Nc3 Nf6 4. e5 Nfd7 5. f4 c5 6. dxc5 Nc6 7. Bd2 Nxc5 8. Nf3 Be7 9. Be3 O-O 10. a3 a6 11. Be2 b5 12. O-O Bb7 13. Qe1 Ne4 14. Bd3 Nxc3 15. bxc3 f5 16. exf6 Bxf6 17. Bc5 Re8 18. Qg3 Qc7 19. Kh1 g6 20. Bd4 Rf8 21. h4 Qg7 22. Rae1 Rae8 23. Bxf6 Rxf6 24. Nd4 Kh8 25. Rf3 Qe7 26. Qg5 Nd8 27. h5 Nf7 28. Qh4 gxh5 29. g4 e5 30. g5 Rb6 31. Qxh5 e4 32. Rh3 Nd6 33. g6 Bc8 34. Rh2 Rb7 35. Be2 Qf6 36. Rg1 Rg7 37. Qg5 Rf8 38. Qe5 Qxe5 39. fxe5 Nf5 40. Rg5 Ne7 41. Rxh7+ Rxh7+ 42. gxh7 Kxh7 43. e6 (43. Kh2 $11 {is superior.}) 43... Rf6 44. Bh5 Rh6 (44... Kh6 $5 45. Re5 $8 Kg7 $11) 45. Kg1 Bxe6 46. Re5 Ng6 47. Rxe6 Rxh5 48. Rxa6 Rh3 49. Nxb5 Nf4 50. Ra7+ Kg6 51. Re7 Rh8 52. Nc7 Kf6 53. Nxd5+ (53. Re8 $1 $11 Rxe8 54. Nxe8+ Ke7 55. Ng7) 53... Nxd5 $15 54. Rxe4 Kf5 55. Rd4 Nxc3 56. Kf2 Ke5 57. Rd7 Ne4+ 58. Ke2 Rh2+ 59. Kd1 Rh1+ 60. Ke2 Nc3+ 61. Kf2 Rh2+ 62. Ke3 Rh3+ (62... Rxc2 63. Rb7 (63. Kd3 Rc1 $11)) 63. Kd2 Ne4+ 64. Kc1 Rxa3 65. Kb2 (65. Re7+ Kd4 66. Kb2 (66. Rd7+ Kc4 $15) 66... Ra8) 65... Ra8 66. Rd3 Nd6 (66... Rb8+ 67. Ka2 $17) 67. Kb1 (67. Re3+ Kd5 68. Rh3 (68. Rd3+ Kc5 $15) 68... Nc4+ 69. Kb1 Kc5 $17) 67... Nc4 68. Rd7 Rb8+ 69. Kc1 Ke4 70. Rh7 Rg8 71. Rd7 ({But not} 71. Rh4+ $2 Kd5 72. Rh5+ Ke6 73. Rh6+ Kd7 $19) 71... Ke3 72. Re7+ Kd4 73. Rd7+ Kc3 74. Rd3+ Kb4 75. Rb3+ Kc5 76. Rd3 Ra8 77. Kb1 Ra3 (77... Rb8+ $2 78. Ka1 $19) (77... Rh8 $15) 78. Rxa3 $11 Nxa3+ 79. Ka1 Nxc2+ 1/2-1/2

[Event "USA Championship 2024"]
[Site "Saint Louis"]
[Date "2024.10.12"]
[Round "2.2"]
[White "Sevian, Samuel"]
[Black "Robson, Ray"]
[Result "1-0"]
[ECO "D00"]
[WhiteElo "2689"]
[BlackElo "2693"]
[Annotator "TA"]
[PlyCount "107"]
[EventDate "2024.10.09"]
[EventType "tourn"]
[EventCountry "USA"]
[SourceTitle "playchess.com"]
[Source "ChessBase"]
[SourceQuality "1"]
[TimeControl "40/5400+30:1800+30"]

1. d4 Nf6 2. Nc3 d5 3. Bf4 g6 4. e3 Bg7 5. h4 h5 6. Nf3 {[%emt 0:00:00] D00: 1 d4 d5: Unusual lines.} O-O 7. Ne5 c5 8. Qd2 cxd4 9. exd4 Nc6 10. f3 Bf5 11. Bb5 Na5 12. g4 $146 ({Predecessor:} 12. O-O-O a6 13. Be2 b5 14. g4 Be6 15. Bh6 Qc7 16. Rdg1 b4 17. Na4 b3 18. c3 bxa2 {0-1 Krishika,G (1756)-Tejaswini,G (2071) IND-ch U17 Girls 34th 2024 (5)}) 12... Be6 (12... hxg4 13. h5 gxf3 14. hxg6 fxg6 15. O-O-O $14) 13. O-O-O Rc8 14. Kb1 Qb6 15. Be2 Nc4 16. Bxc4 dxc4 {[%emt 0:00:33] [#]} 17. Bh6 $1 Rfd8 (17... hxg4 $2 {too greedy.} 18. h5 Bxh6 19. Qxh6 $18) 18. Bxg7 Kxg7 19. gxh5 Nxh5 20. Rhg1 Rh8 {[%emt 0:18:49] [#]} 21. Rg5 $1 Nf6 22. d5 Rcd8 23. Nxc4 Qc7 24. Qd4 Qh2 25. Ne3 ({But not} 25. Qxa7 $6 Qxh4 26. Qg1 Nxd5 (26... Qxc4 27. dxe6 Rxd1+ 28. Qxd1 $11) 27. Nxd5 Qxc4 $11) (25. b3 $16) 25... Rxh4 $14 26. Qxa7 Bc8 27. Rgg1 Rf4 $2 (27... Rh3 $16) 28. Rh1 $18 Qg3 29. Ne2 Qxf3 30. Nxf4 Qxf4 31. Qa5 Re8 32. Qc3 Bd7 33. Rd4 Qe5 $2 (33... Qg5 {was called for.} 34. Rdh4 Rg8) 34. Nc4 $18 Qg5 35. Rdh4 Rg8 36. d6 exd6 37. Nxd6 Kf8 38. Nxb7 Be6 39. Qd4 Nh5 40. Nc5 Bf5 41. a4 Ng3 42. Qd6+ Qe7 43. Qb8+ Kg7 44. Rh7+ Kf6 45. Qxg8 Qxc5 46. Rxf7+ Kg5 47. Rxf5+ Nxf5 48. a5 Nd4 49. Rg1+ Kf4 50. Qxg6 Nf3 51. Qg4+ Ke3 52. Rg3 Kd2 53. Qf4+ Ke1 54. Rxf3 1-0

[Event "USA Championship 2024"]
[Site "Saint Louis"]
[Date "2024.10.12"]
[Round "2.3"]
[White "So, Wesley"]
[Black "Yoo, Christopher Woojin"]
[Result "1-0"]
[ECO "A20"]
[WhiteElo "2751"]
[BlackElo "2590"]
[Annotator "TA"]
[PlyCount "107"]
[EventDate "2024.10.09"]
[EventType "tourn"]
[EventCountry "USA"]
[SourceTitle "playchess.com"]
[Source "ChessBase"]
[SourceQuality "1"]
[TimeControl "40/5400+30:1800+30"]

1. c4 Nf6 2. g3 e5 3. Bg2 Bc5 4. d3 d5 5. cxd5 Nxd5 6. Nc3 Nxc3 7. bxc3 O-O 8. Nf3 {[%emt 0:01:37] The position is equal.} e4 9. dxe4 Qxd1+ 10. Kxd1 Nc6 11. Bf4 f6 (11... Bxf2 $2 12. e3 $18) 12. h4 (12. Bxc7 Bxf2 13. Rf1 Be3 $16) 12... Bd7 (12... Bxf2 $2 13. e3 $18) 13. e3 Bb6 14. Ke2 Bg4 {[%emt 0:01:46] [#]} (14... Be6 $14) 15. Bh3 $1 $16 Bxh3 16. Rxh3 Rae8 17. Nd2 h5 18. Rb1 Re6 19. Rhh1 a6 20. Rhc1 Nd8 21. c4 Rc6 22. e5 Re8 23. exf6 gxf6 24. Kf3 Kf7 25. Ne4 f5 26. Nd2 Bc5 27. Nb3 b6 {[%emt 0:00:20] Prevents Na5} 28. Rd1 {[%emt 0:02:38] And now Nxc5 would win.} Ne6 29. Rd5 Kg6 30. Rc1 a5 31. a4 Be7 32. Be5 Ba3 (32... Rd8 $16 33. Ke2 Rb8) 33. Rc2 $18 Be7 34. Rc1 (34. Rb5 $18 {and White stays clearly on top.}) 34... Ba3 $1 $16 {[%emt 0:00:59] [#]} 35. Rc2 (35. Ra1 $1 $16 Bb4 36. Rc1) 35... Be7 $18 36. Rd7 Bf6 37. Bxf6 Kxf6 38. Rd5 $36 {[%emt 0:00:12][%mdl 2048] White is in control.} Re7 (38... Rg8 $16 39. e4 fxe4+ 40. Kxe4 Re8) 39. c5 Re8 40. Rc1 Rd8 41. e4 fxe4+ 42. Kxe4 Rb8 43. cxb6 Rxc1 44. Nxc1 cxb6 {[%emt 0:00:09][%mdl 4096] Endgame. KRN-KRN} 45. Nd3 {[%emt 0:01:11] Against Nc5+} (45. Rxh5 Nc5+ 46. Kf4 Kg7 $11) 45... Rc8 46. Rd6 (46. Rxh5 Rc4+ 47. Ke3 Kg7 $18) 46... Rc4+ 47. Ke3 {[%emt 0:00:22] aiming for Nf4.} Rxa4 48. Nf4 (48. Rxb6 Ra3 49. Rd6 Ke7) 48... Kf5 49. Rd5+ (49. Nxe6 Re4+ 50. Kd3 Rxe6 51. Rxe6 Kxe6 $11) (49. Rxe6 $18 Rxf4 50. Rxb6) 49... Kf6 $16 50. Rd6 $2 {[%emt 0:00:07][%mdl 8192] White is more active.} ({Reject} 50. Rxh5 $6 Nxf4 51. gxf4 Rb4 $11) (50. Nxe6 $16 Kxe6 51. Rb5 (51. Rxh5 Rb4 $16)) 50... Kf5 $1 $18 51. Rxe6 ({Weaker is} 51. Nxe6 Re4+ 52. Kd3 Rxe6 53. Rd5+ Re5 54. Rxe5+ Kxe5 $11) 51... Rxf4 52. Rxb6 Ra4 (52... Re4+ 53. Kf3 Re7) 53. Kf3 Ra3+ 54. Kg2 {[%emt 0:02:17] Weighted Error Value: White=0.27 (precise) /Black=0.15 (very precise) .  Mistake:       	White=4     	Black=4      Inaccurate:     	White=1     	Black=1      OK:         	White=22    	Black=12     Best:        	White=3     	Black=3      Strong:       	White=1     	Black=2} 1-0

[Event "USA Championship 2024"]
[Site "Saint Louis"]
[Date "2024.10.12"]
[Round "2.4"]
[White "Oparin, Grigoriy"]
[Black "Mishra, Abhimanyu"]
[Result "1/2-1/2"]
[ECO "C78"]
[WhiteElo "2662"]
[BlackElo "2630"]
[Annotator "TA"]
[PlyCount "110"]
[EventDate "2024.10.09"]
[EventType "tourn"]
[EventCountry "USA"]
[SourceTitle "playchess.com"]
[Source "ChessBase"]
[SourceQuality "1"]
[TimeControl "40/5400+30:1800+30"]

1. e4 e5 2. Nf3 Nc6 3. Bb5 a6 4. Ba4 Nf6 5. O-O b5 6. Bb3 Bc5 7. c3 d6 8. a4 Rb8 9. d4 Bb6 10. a5 $1 {[%emt 0:00:59] 10.a5 scores better than 10.axb5. C78: Ruy Lopez: Archangelsk and Möller Defences.} Ba7 11. h3 Bb7 12. Re1 O-O 13. Be3 exd4 14. cxd4 Nb4 15. d5 Bxe3 16. Rxe3 c5 17. Na3 Qxa5 18. Nc2 Qb6 19. Nxb4 cxb4 20. Qd2 a5 21. Bc2 $146 ({Predecessor:} 21. Nd4 Rbe8 22. Bc2 g6 23. Kh2 Nh5 24. g4 Nf6 25. Rae1 Rc8 26. Bb1 Rfe8 27. R3e2 {0-1 Nijboer,F (2584)-Ganguly,S (2651) Tata Steel-B 73rd 2011 (10)}) 21... Nd7 22. Nd4 Ne5 23. Rg3 Bc8 ({Weaker is} 23... Nc4 24. Rxg7+ Kxg7 25. Qg5+ Kh8 26. Qf6+ (26. Nf5 Qd4 $18) 26... Kg8 27. Nf5) 24. Kh2 Bd7 25. b3 Ng6 26. Rf1 Rbc8 27. f4 Rc3 28. Rff3 f6 29. Rxc3 bxc3 30. Rxc3 Nxf4 31. Qxf4 Qxd4 32. Rc7 Rc8 33. Rxd7 Rxc2 34. Rxd6 Qe5 35. Qxe5 fxe5 36. Re6 a4 37. bxa4 (37. Rxe5 {simplifies} axb3 38. d6 Rd2 39. Rxb5 Rxd6 40. Rxb3 Rd4 41. Re3) 37... bxa4 38. Rxe5 a3 39. d6 Rd2 40. Ra5 a2 (40... Rxd6 41. Rxa3 Rg6 42. Kg1 $14) 41. d7 (41. Kg3 {is interesting.} Kf7 42. d7 Ke7 43. Ra7) 41... Rxd7 42. Rxa2 Rd3 43. Kg1 Re3 44. Ra4 Re2 45. Kf1 Rb2 46. Ra1 Kf7 47. Re1 Ke6 48. Re2 Rb3 49. Kf2 Ke5 50. Re3 Rb7 51. Kg3 Rb6 52. Kf3 Rf6+ 53. Kg3 Rb6 54. Kf3 Rf6+ 55. Kg3 Rb6 1/2-1/2

[Event "USA Championship 2024"]
[Site "Saint Louis"]
[Date "2024.10.12"]
[Round "2.5"]
[White "Liang, Awonder"]
[Black "Niemann, Hans Moke"]
[Result "1/2-1/2"]
[ECO "C67"]
[WhiteElo "2677"]
[BlackElo "2733"]
[Annotator "TA"]
[PlyCount "70"]
[EventDate "2024.10.09"]
[EventType "tourn"]
[EventCountry "USA"]
[SourceTitle "playchess.com"]
[Source "ChessBase"]
[SourceQuality "1"]
[TimeControl "40/5400+30:1800+30"]

1. e4 e5 2. Nf3 Nc6 3. Bb5 Nf6 4. O-O Nxe4 5. Re1 Nd6 6. Nxe5 Be7 7. Bf1 Nxe5 8. Rxe5 O-O 9. d4 Bf6 10. Re1 Re8 11. c3 Rxe1 12. Qxe1 Ne8 13. Bf4 d5 14. Bd3 g6 {[%emt 0:00:21] Die Stellung ist ausgeglichen.} 15. Nd2 Ng7 16. Qe2 c6 17. Re1 Bf5 18. Bxf5 Nxf5 19. Nf3 Ng7 20. Be5 Ne6 21. Bxf6 Qxf6 22. Ne5 Re8 23. Ng4 Qd8 24. Qe5 {[%emt 0:00:06] [#] Droht stark Nf6+.} Ng7 25. Qxe8+ Nxe8 26. Rxe8+ Qxe8 27. Nf6+ Kf8 28. Nxe8 Kxe8 $11 {[%emt 0:00:03][%mdl 4096] Endspiel. KP-KP} 29. f4 f5 30. Kf2 Kf7 31. Ke3 Ke6 32. Kd3 Kd6 33. Ke3 Ke6 34. Kd3 Kd6 35. Ke3 Ke6 {[%emt 0:00:08] Ein ziemlich ruhiges Remis.   Gewichteter Fehlerwert: Weiß=0.03 (makellos) /Schwarz=0.02 (makellos) .  OK:         	Weiß=10    	Schwarz=8     Bester:       	Weiß=1     	Schwarz=2} 1/2-1/2

[Event "USA Championship 2024"]
[Site "Saint Louis"]
[Date "2024.10.12"]
[Round "2.6"]
[White "Dominguez Perez, Leinier"]
[Black "Shankland, Sam"]
[Result "1/2-1/2"]
[ECO "B90"]
[WhiteElo "2741"]
[BlackElo "2677"]
[Annotator "TA"]
[PlyCount "97"]
[EventDate "2024.10.09"]
[EventType "tourn"]
[EventCountry "USA"]
[SourceTitle "playchess.com"]
[Source "ChessBase"]
[SourceQuality "1"]
[TimeControl "40/5400+30:1800+30"]

1. e4 c5 2. Nf3 d6 3. d4 cxd4 4. Nxd4 Nf6 5. Nc3 a6 6. f3 e5 7. Nb3 Be6 8. Be3 h5 9. Nd5 Nxd5 10. exd5 Bf5 11. Qd2 {[%emt 0:10:11] White has an edge.} Nd7 12. Na5 Rb8 13. Be2 Qh4+ 14. Bf2 Qf6 15. O-O Be7 16. c4 Qg6 17. Be3 O-O 18. b4 Rfe8 19. Rac1 Bd8 20. Nb3 b6 21. c5 bxc5 (21... dxc5 {is interesting.} 22. bxc5 bxc5 23. Nxc5 Nxc5 24. Rxc5 Be7) 22. bxc5 dxc5 23. Nxc5 e4 (23... Nxc5 $11 {should be considered.} 24. Rxc5 e4) 24. Nxd7 {[%emt 0:10:06] [#]} (24. Bxa6 $2 Nxc5 25. Bxc5 exf3 $19 (25... Qxa6 $2 26. Qf4 $19)) (24. fxe4 $14 Bxe4 25. Nxe4 (25. Nxd7 $2 Qxg2#) 25... Qxe4 26. Bf4) 24... exf3 $1 25. Bxf3 (25. Nxb8 $2 Qxg2#) (25. Bd3 Bxd3 26. Rxf3 (26. Nxb8 $2 Rxe3 27. Qf2 Bb6 $19) 26... Rb1 27. Rxb1 Bxb1 $17) (25. Rxf3 Bxd7) 25... Bxd7 26. Bf4 Rc8 27. Kh1 Rxc1 28. Rxc1 Qf5 {[%emt 0:00:54] White must now prevent ...g5.} 29. Be3 g5 {[%emt 0:03:20] And now ...g4 would win.} 30. d6 (30. Bxh5 $2 g4 31. Bxf7+ Kxf7 $19 (31... Qxf7 $2 32. Rd1 $19)) 30... g4 31. Bc6 (31. Bb7 $15) 31... Bxc6 $19 32. Rxc6 {[%emt 0:00:02] [#]} Qf1+ $1 33. Bg1 Re2 34. Qd5 Bh4 35. Rc8+ Kg7 36. Qd4+ Bf6 37. Qd5 Re1 38. Qc5 h4 39. d7 h3 40. Qf8+ Kg6 41. Qg8+ Kh6 (41... Bg7 $142 42. Rc6+ f6 43. Rxf6+ Qxf6 44. Qe8+ Kh7 (44... Rxe8 45. dxe8=Q+ Qf7 46. Qc6+ Kh5 47. Qe4 $11) 45. Qh5+ Bh6 46. Qxh3 gxh3 47. d8=Q Rxg1+ (47... Qxd8 $2 48. a4 Qd5 49. a5 hxg2#) 48. Kxg1 Be3+ 49. Kh1 Qf1#) 42. Qf8+ Bg7 43. Rc6+ Kh7 $2 ({Better is} 43... f6 $19 44. Rxf6+ Qxf6) 44. Qg8+ $1 $11 {[%emt 0:00:27] The position is equal.} Kxg8 45. d8=Q+ Bf8 (45... Kh7 $5 46. Qh4+ $8 Kg8 47. Qd8+ (47. Rc8+ Bf8 $11) 47... Bf8 48. Qg5+ Bg7 49. Qd8+ $11) 46. Qg5+ Bg7 47. Qd8+ Bf8 (47... Kh7 $5 48. Qh4+ $8 Kg8 49. Qd8+ $11 (49. Rc8+ Bf8 $11)) 48. Qg5+ Bg7 49. Qd8+ {[%emt 0:00:38] Whites escaped into a draw.   Weighted Error Value: White=0.41/Black=0.40.  Loses game:     	White=1     	---        Mistake:       	White=1     	Black=1      Inaccurate:     	White=2     	---        OK:         	White=5     	Black=12     Best:        	White=5     	Black=2} 1/2-1/2